 Dungeon Crawl Stone Soup version 0.31-a0-1529-g7bd419a0e5 (webtiles) character file.

Game seed: 15781814472699138112

405 avis the Ducker (level 6, 30/30 HPs)
             Began as a Felid Artificer on Dec 31, 2023.
             Got out of the dungeon alive.
             The game lasted 00:26:04 (3963 turns).

avis the Ducker (Felid Artificer)                   Turns: 3963, Time: 00:26:04

Health: 30/30      AC:  2    Str: 16    XL:     6   Next: 56%
Magic:  10/10      EV: 20    Int: 20    God:
Gold:   167        SH:  0    Dex: 17    Spells: 7/9 levels left
                                        Lives:  0   Deaths: 2

rFire   . .          .
                       - Unarmed
rCold   . . .        (shield unavailable)
rNeg    . . .        (body armour unavailable)
rPois   .            (helmet unavailable)
rElec   .            (cloak unavailable)
rCorr   .            (gloves unavailable)
SInv    +            (boots unavailable)
Will    .....        (no amulet)
Stlth   ++           e - +6 ring of intelligence
HPRegen 0.25/turn    l - +6 ring of strength
MPRegen 0.12/turn

%: no passive effects
@: no status effects
A: very small, claws 1, fangs 3, see invisible, shaggy fur 2, stealthy paws, no
weapons or thrown items, no armour, multi-lived
a: no special abilities


You escaped.
You visited 1 branch of the dungeon, and saw 5 of its levels.

You collected 167 gold pieces.

Inventory:

Jewellery
 e - a +6 ring of intelligence (left paw)
 l - a +6 ring of strength (right paw)
Wands
 a - a wand of flame (14) (quivered)
 b - a wand of charming (10)
 c - a wand of iceblast (3)
 h - a wand of roots (5)
Scrolls
 d - 2 scrolls of vulnerability {unknown}
 f - 4 scrolls of identify {unknown}
 g - a scroll of fear {unknown}
 i - a scroll of revelation {unknown}
 j - a scroll of blinking {unknown}
 k - a scroll of teleportation {unknown}
Potions
 m - a potion of curing {unknown}
 n - a potion of ambrosia {unknown}
 o - a potion of heal wounds {unknown}
 p - a potion of might {unknown}
 q - a potion of attraction {unknown}


   Skills:
 + Level 2.2 Fighting
 - Level 6.0 Dodging
 - Level 2.0 Stealth
 + Level 2.2 Unarmed Combat
 - Level 2.0 Spellcasting
 + Level 2.6 Summonings
 - Level 4.0 Evocations


You had 7 spell levels left.
You knew the following spells:

 Your Spells              Type           Power      Damage    Failure   Level
a - Call Imp              Summ           24%        N/A       9%          2

Your spell library contained the following spells:

 Spells                   Type           Power      Damage    Failure   Level
 Slow                     Hex            8%         N/A       16%         1
 Sublimation of Blood     Necr           2%         N/A       24%         2
 Confusing Touch          Hex            2%         N/A       43%         3
 Sigil of Binding         Hex            2%         N/A       43%         3
 Vampiric Draining        Necr           2%         2d6       43%         3
 Summon Hydra             Summ           6%         N/A       100%        7


Dungeon Overview and Level Annotations

Branches:
Dungeon (5/15)
 Temple: D:4-7

Altars:

Annotations:
D:3 1 runed translucent door, jasper's ghost, amateur DrSh


Innate Abilities, Weirdness & Mutations

You have sharp claws.
You have razor-sharp teeth.
You have supernaturally acute eyesight. (SInv)
You are covered in thick fur. (AC +2)
Your paws help you pounce on unaware monsters.
You are incapable of wielding weapons or throwing items.
You cannot wear armour.
You gain extra lives every three experience levels.


Message History

The gnoll completely misses you.
There is a stone staircase leading up here.
The gnoll hits you with a +0 spear.
The gnoll shouts!
You scratch the gnoll but do no damage.
There is a stone staircase leading up here.
The gnoll closely misses you.
The gnoll zaps a wand.
Your mind is blasted!
The gnoll hits you from afar with a +0 spear!
* * * LOW HITPOINT WARNING * * *
The gnoll zaps a wand.
Your mind is blasted!
You stop ascending the stairs.
You die...
You rejoin the land of the living...
A scorpion, an orc wizard and an orc come into view.
You open the door.
There is an open door here.
There is an escape hatch in the ceiling here.
A mysterious force pulls you upwards. The hatch slams shut behind you.
You are a level 6 Felid Artificer.
You are 56% of the way to level 7.
You'll get an extra life in 0.44 levels' worth of XP.
Play time: 00:25:44 (3869 turns).
Zot will find you in 26961 turns if you stay in this branch and explore no new floors.
Unknown command.
What level of the Dungeon? (default 4, ? - help)
There is a stone staircase leading up here.
You climb upwards.
Level annotation: 1 runed translucent door, jasper's ghost, amateur DrSh
There is a stone staircase leading down here.
There is a stone staircase leading up here.
You climb upwards.
There is a stone staircase leading down here.
You see here a +0 leather armour.
You see here 8 stones.
There is a stone staircase leading up here.
You climb upwards.
There is a stone staircase leading down here.
You see here a +0 club.
There is an open door here.
There is an open door here.
There is a staircase leading out of the dungeon here.
You have escaped!

..........#......#.#~P♣~~P..~~.♣~
#...####.##......#.#~.♣~~P♣.~~PP~
.......#.##......#.#~♣P~~P♣♣~~♣♣~
###.##.#.##......#.#~..~~.♣P~~♣♣~
.......#.#.........#~P.~~♣.♣~~P.~
###..#.#'#'#########~P♣~~~~~~~..~
##...#.......###...#~P♣~.....~♣♣~
##.............#...#~~~~.###.~~~~
##.#.........#.#@..'.....#§#.....
##...#.#+#.#.#.#...#~~~~.###.~~~~
######...#.....#...#~PP~.....~♣♣~
.......#.#.#########~♣P~~~~~~~..~
#####..#.#........##~P♣~~.PP~~♣P~
.......#...######.##~PP~~PPP~~♣♣~
#.####.....# #.##~♣♣~~♣.♣~~P.~
#.#........# #.##~♣P~~♣PP~~..~
###.##.....######.##~P.~~.♣P~~♣♣~


There were no monsters in sight!

Vanquished Creatures
  A black bear (D:4)
  A scorpion (D:4)
  2 orc priests (D:4)
  A hound (D:4)
  An iguana (D:4)
  A gnoll (D:4)
  4 adders
  2 ufetubi
  A dart slug (D:1)
  A ribbon worm (D:2)
  5 orcs (D:4)
  5 endoplasms
  A giant cockroach (D:2)
  3 hobgoblins
  4 jackals (D:4)
  2 quokkas
  5 ball pythons
  6 bats
  2 frilled lizards
  8 goblins
  5 kobolds
  5 rats
66 creatures vanquished.

Vanquished Creatures (collateral kills)
  An adder (D:3)
  A dart slug (D:3)
  An orc (D:4)
  An endoplasm (D:3)
  2 kobolds (D:3)
  A quokka (D:3)
  A rat (D:3)
8 creatures vanquished.

Vanquished Creatures (others)
  An adder (D:3)
1 creature vanquished.

Grand Total: 75 creatures vanquished

Notes
Turn   | Place    | Note
-------+----------+-------------------------------------------
     0 | D:1      | avis the Felid Artificer began the quest for the Orb.
     0 | D:1      | Reached XP level 1. HP: 10/10 MP: 2/2
   285 | D:1      | Reached XP level 2. HP: 8/15 MP: 3/3
  1716 | D:2      | Reached XP level 3. HP: 13/18 MP: 4/4
  1902 | D:3      | Reached skill level 1 in Unarmed Combat
  1962 | D:3      | Found a runed translucent door.
  1963 | D:3      | Noticed jasper's ghost (amateur DrSh)
  2216 | D:3      | Learned a level 2 spell: Call Imp
  2254 | D:3      | Reached XP level 4. HP: 23/23 MP: 5/5
  2254 | D:3      | Gained a life (2 lives remaining)
  2290 | D:3      | Found a faded altar of an unknown god.
  2693 | D:4      | Reached skill level 4 in Dodging
  2759 | D:4      | Reached skill level 1 in Spellcasting
  2759 | D:4      | Reached skill level 1 in Summonings
  2759 | D:4      | Reached XP level 5. HP: 26/26 MP: 7/7
  2962 | D:4      | Noticed a black bear
  2969 | D:4      | Killed a black bear
  2970 | D:4      | Reached skill level 6 in Dodging
  2989 | D:4      | Slain by a scorpion
  2989 | D:4      | Lost a life (1 life remaining)
  3147 | D:4      | Gained mutation: You are covered in thick fur. (AC +2)
                  | [Felid growth]
  3147 | D:4      | Reached XP level 6. HP: 30/30 MP: 8/10
  3575 | D:5      | Entered Level 5 of the Dungeon
  3830 | D:5      | Blown up by a gnoll
  3830 | D:5      | Lost a life (0 lives remaining)
  3963 | D:$      | Got out of the dungeon alive.

Illustrated notes

Levels and vault maps discovered:
D:1:      lightli_arrival_farm, layout_basic, item_on_display_a
D:2:      layout_loops_ring
D:3:      layout_rooms, hellmonk_ecumenical_altar_zigzags,
          hellmonk_ghost_happy_afterlife
D:4:      layout_basic
D:5:      layout_basic, uniq_pikel

Skill      XL: |  1  2  3  4  5  6 |
---------------+-------------------+-----
Fighting       | 2 |  2.2
Evocations     | 4 |  4.0
Unarmed Combat | 2 |  2.2
Stealth        | 2 |  2.0
Dodging        | 4 6 |  6.0
Spellcasting   | 1 2 |  2.0
Summonings     | 1 2 |  2.6

Action                     |  1- 3 |  4- 6 || total
---------------------------+-------+-------++-------
  Melee: Unarmed           |   114 |   116 ||   230
         Bite              |    11 |     6 ||    17
         Punch             |     2 |       ||     2
   Cast: Call Imp          |       |     2 ||     2
  Evoke: Wand              |     3 |    11 ||    14
   Stab: Sleeping          |    10 |     2 ||    12
         Distracted        |     1 |       ||     1
 Armour: Skin              |    22 |    36 ||    58
  Dodge: Dodged            |    74 |   126 ||   200

Table legend: (Time is in decaauts)
 A = Elapsed time spent in this place.
 B = Non-inter-level travel time spent in this place.
 C = Inter-level travel time spent in this place.
 D = Time resting spent in this place.
 E = Time spent auto-exploring this place.
 F = Levels seen in this place.
 G = Mean time per level.
                   A        B        C        D        E       F      G
               +--------+--------+--------+--------+--------+-----+--------+
         Total |   3985 |   3392 |    593 |    426 |   2058 |   5 |  797.0 |
       Dungeon |   3985 |   3392 |    593 |    426 |   2058 |   5 |  797.0 |
               +--------+--------+--------+--------+--------+-----+--------+

Top non-repeatable levels by time:
     D:1: 1184 daAuts
     D:4: 1054 daAuts
     D:2: 816 daAuts
     D:3: 787 daAuts
     D:5: 143 daAuts
